Map: Frozen Temple

Players

IlIlIlIlIlIl

  • Race: Zerg Zerg
  • League: Master

oliM - Winner!

  • Race: Protoss Protoss
  • League: Master

VOD

Have the link to the VOD?

Description

Time

  • Played on: Oct. 25, 2016, 3:05 a.m.
  • Length: 13:52
Show
View Real Time Build Order
Export as new Build Order

IlIlIlIlIlIl Zerg 

Build Orders: Hatch First, Lurkers 

Get SALT Encoding   

  12  0:01  Drone  
  13  0:12  Overlord  
  13  0:17  Drone  
  14  0:31  Drone x2  
  14  0:35  Drone  
  17  0:51  Unknown, Hatchery  
  17  0:54  Drone  
  17  0:57  Drone  
  17  1:00  Extractor  
  17  1:06  Drone  
  18  1:16  Spawning Pool  
  17  1:21  Drone  
  18  1:28  Drone  
  19  1:38  Overlord  
  19  2:03  Unknown  
  19  2:04  Metabolic Boost, Zergling x4  
  19  2:05  Zergling x2  
  19  2:06  Queen  
  24  2:08  Queen  
  24  2:14  Drone  
  27  2:16  Drone  
  28  2:31  Drone x2  
  30  2:43  Unknown, Hatchery  
  29  2:46  Drone x2  
  29  2:49  Overlord  
  31  2:57  Drone x3  
  34  3:07  Overlord, Drone  
  35  3:13  Lair  
  36  3:20  Drone x3  
  36  3:22  Drone  
  39  3:28  Drone x2  
  39  3:29  Drone  
  39  3:33  Extractor x2  
  40  3:36  Drone x2  
  42  3:44  Drone x2  
  43  3:49  Drone  
  43  3:54  Unknown, Drone  
  45  3:57  Queen  
  45  4:02  Overlord  
  47  4:03  Drone x3  
  47  4:04  Drone x2  
  47  4:06  Overlord  
  47  4:08  Drone  
  53  4:17  Spire  
  52  4:22  Drone x3  
  52  4:23  Drone  
  56  4:25  Extractor  
  56  4:28  Drone x2  
  56  4:30  Drone  
  58  4:32  Overlord  
  58  4:35  Drone x2  
  60  4:48  Drone  
  60  4:49  Drone x4  
  60  4:52  Extractor  
  64  4:55  Drone x3  
  64  4:56  Drone x2  
  69  5:00  Overlord  
  69  5:07  Zergling x8  
  69  5:08  Zergling x2  
  73  5:19  Extractor, Drone x3  
  73  5:20  Drone x3  
  78  5:24  Overlord  
  78  5:25  Overlord  
  78  5:26  Unknown, Hatchery  
  77  5:31  Mutalisk x2, Zerg Flyer Weapons Level 1  
  81  5:46  Mutalisk x4  
  81  5:47  Mutalisk x3  
  91  5:53  Zergling x8  
  93  6:00  Mutalisk x3  
  91  6:17  Drone  
  91  6:19  Queen  
  91  6:20  Drone x5  
  91  6:24  Overlord x3  
  97  6:36  Overlord  
  97  6:37  Unknown  
  97  6:51  Mutalisk x4  
  97  6:52  Mutalisk x3  
  107  7:05  Mutalisk  
  107  7:07  Zergling x18  
  118  7:09  Queen  
  118  7:20  Drone x6  
  118  7:22  Extractor  
  121  7:27  Overlord x3  
  121  7:28  Drone  
  121  7:29  Drone x2  
  124  7:33  Mutalisk, Zerg Flyer Weapons Level 2  
  124  7:34  Mutalisk  
  128  7:38  Zergling x4  
  128  7:40  Mutalisk  
  128  7:43  Zergling x4  
  134  7:45  Mutalisk  
  136  7:53  Mutalisk  
  136  8:12  Hydralisk Den, Drone  
  134  8:14  Drone x4  
  134  8:15  Drone x9  
  134  8:16  Drone  
  134  8:18  Extractor  
  134  8:19  Extractor  
  113  9:03  Hydralisk x3  
  113  9:04  Hydralisk x12  
  113  9:08  Lurker Den  
  137  9:21  Unknown, Hatchery  
  124  9:24  Hydralisk x4  
  124  9:25  Hydralisk x2  
  130  9:32  Drone, Hydralisk  
  130  9:33  Hydralisk x4  
  130  9:34  Zergling x4  
  130  9:35  Zergling x2  
  138  9:40  Infestation Pit  
  138  9:41  Drone x2  
  138  9:42  Evolution Chamber, Hydralisk x2  
  138  9:43  Evolution Chamber  
  138  9:45  Overseer  
  141  9:54  Unknown, Hatchery  
  141  9:58  Hydralisk x2  
  142  10:16  Overlord x3  
  142  10:18  Spore Crawler  
  135  10:25  Queen  
  135  10:32  Unknown  
  135  10:37  Spore Crawler x2  
  130  10:44  Hydralisk  
  130  10:45  Hydralisk x12  
  155  11:02  Hydralisk  
  155  11:03  Hydralisk  
  159  11:04  Overlord x3  
  159  11:05  Unknown, Overlord  
  159  11:18  Queen  
  161  11:23  Muscular Augments  
  161  11:24  Zerg Ground Armor Level 1, Zerg Missile Weapons Level 1  
  124  11:56  Hydralisk x9  
  124  11:57  Hydralisk x4  
  130  12:03  Hydralisk x2  
  97  12:17  Queen  
  97  12:21  Queen  
  97  12:23  Hydralisk x2  
  97  12:24  Hydralisk x2  
  97  12:26  Lurker x2  
  97  12:28  Lurker  
  97  12:29  Lurker  
  107  12:39  Drone x3  
  107  12:40  Drone x3  
  113  13:04  Hydralisk x3  
  97  13:09  Hydralisk  
  97  13:10  Hydralisk x6  
  93  13:14  Lurker  
  93  13:15  Lurker x2  
  96  13:23  Hydralisk x2  
Show
View Real Time Build Order
Export as new Build Order

oliM Protoss - Winner!

Build Orders: 1 Gate Expand 

Get SALT Encoding   

  12  0:03  Probe (Chrono Boost)  
  13  0:13  Probe (Chrono Boost)  
  14  0:19  Pylon  
  14  0:24  Probe (Chrono Boost)  
  15  0:37  Gateway  
  15  0:38  Probe (Chrono Boost)  
  16  0:49  Probe (Chrono Boost)  
  17  0:50  Assimilator  
  17  0:59  Probe (Chrono Boost)  
  18  1:10  Probe (Chrono Boost)  
  19  1:23  Nexus, Unknown  
  19  1:33  Cybernetics Core  
  19  1:37  Probe (Chrono Boost)  
  20  1:43  Assimilator  
  20  1:47  Probe (Chrono Boost)  
  21  1:56  Pylon  
  21  1:58  Probe (Chrono Boost)  
  23  2:08  Probe (Chrono Boost)  
  23  2:14  Zealot  
  25  2:19  Mothership Core (Chrono Boost), Warp Gate  
  27  2:27  Pylon  
  27  2:35  Unknown  
  27  2:36  Probe (Chrono Boost)  
  28  2:37  Probe (Chrono Boost)  
  31  2:46  Probe (Chrono Boost)  
  32  2:53  Probe (Chrono Boost)  
  32  2:56  Twilight Council  
  32  2:57  Probe (Chrono Boost)  
  32  3:03  Probe (Chrono Boost)  
  33  3:07  Stalker  
  33  3:08  Probe (Chrono Boost)  
  36  3:14  Probe (Chrono Boost)  
  36  3:18  Probe (Chrono Boost)  
  36  3:19  Resonating Glaives  
  38  3:25  Probe (Chrono Boost)  
  38  3:29  Probe (Chrono Boost)  
  39  3:37  Probe (Chrono Boost)  
  39  3:40  Gateway x2  
  40  3:45  Probe (Chrono Boost)  
  43  3:48  Sentry  
  43  3:52  Probe (Chrono Boost)  
  44  3:56  Pylon  
  44  3:58  Probe (Chrono Boost)  
  44  4:02  Robotics Facility  
  46  4:04  Probe (Chrono Boost)  
  46  4:09  Probe (Chrono Boost)  
  47  4:16  Probe (Chrono Boost)  
  48  4:19  Probe (Chrono Boost)  
  48  4:21  Assimilator  
  49  4:26  Sentry  
  49  4:28  Probe (Chrono Boost)  
  49  4:29  Pylon  
  49  4:30  Probe (Chrono Boost)  
  53  4:35  Assimilator  
  53  4:40  Probe (Chrono Boost)  
  53  4:41  Probe (Chrono Boost)  
  53  4:43  Adept, Pylon  
  53  4:44  Adept  
  59  4:50  Observer  
  59  4:52  Probe (Chrono Boost)  
  61  4:54  Probe (Chrono Boost)  
  62  5:03  Nexus, Unknown  
  62  5:04  Pylon  
  62  5:07  Pylon  
  62  5:09  Robotics Bay  
  61  5:15  Adept x3  
  61  5:18  Probe (Chrono Boost)  
  68  5:25  Probe (Chrono Boost)  
  69  5:29  Observer  
  69  5:30  Probe (Chrono Boost)  
  69  5:31  Gateway  
  69  5:32  Gateway  
  71  5:36  Probe (Chrono Boost)  
  72  5:58  Stargate x2  
  72  6:03  Probe (Chrono Boost), Forge  
  71  6:07  Zealot x3  
  73  6:15  Unknown  
  69  6:19  Stargate  
  69  6:20  Probe (Chrono Boost), Pylon  
  69  6:21  Pylon  
  69  6:24  Pylon  
  70  6:28  Stalker x2  
  70  6:29  Stalker  
  76  6:40  Phoenix x2  
  78  6:49  Pylon  
  78  6:52  Photon Cannon  
  78  6:54  Fleet Beacon  
  78  7:01  Phoenix  
  78  7:05  Probe (Chrono Boost)  
  78  7:07  Photon Cannon  
  81  7:09  Phoenix  
  81  7:15  Phoenix  
  79  7:27  Phoenix  
  79  7:34  Anion Pulse-Crystals  
  81  7:37  Pylon  
  81  7:39  Photon Cannon  
  81  7:51  Zealot  
  81  7:52  Zealot x4  
  81  7:56  Nexus, Unknown  
  91  7:59  Pylon  
  91  8:00  Phoenix  
  91  8:07  Phoenix  
  91  8:10  Phoenix  
  95  8:22  Phoenix  
  97  8:32  Phoenix  
  91  8:42  Phoenix  
  91  8:46  Phoenix  
  83  8:58  Phoenix, Zealot x3  
  83  8:59  Zealot x2  
  95  9:04  Phoenix  
  95  9:06  Probe (Chrono Boost)  
  95  9:07  Unknown  
  86  9:36  Nexus, Unknown  
  86  9:37  Disruptor  
  86  9:44  Adept x5  
  95  9:56  Assimilator  
  95  9:58  Robotics Facility  
  95  9:59  Assimilator  
  95  10:08  Disruptor  
  95  10:10  Pylon  
  95  10:13  Probe (Chrono Boost), Pylon  
  80  10:43  Unknown, Disruptor  
  80  10:44  Disruptor  
  80  10:47  Unknown  
  86  10:54  Oracle  
  86  10:56  Probe (Chrono Boost)  
  87  10:57  Assimilator  
  87  10:58  Assimilator  
  87  11:03  Photon Cannon  
  90  11:04  Stalker  
  90  11:08  Photon Cannon  
  90  11:09  Probe (Chrono Boost)  
  90  11:10  Pylon  
  93  11:15  Probe x2 (Chrono Boost)  
  95  11:19  Stalker  
  95  11:20  Stalker x2  
  95  11:22  Disruptor  
  95  11:23  Probe (Chrono Boost)  
  102  11:31  Zealot  
  103  11:48  Disruptor  
  103  11:51  Adept x5  
  108  12:16  Stalker  
  108  12:17  Stalker x4  
  117  12:23  Mothership Core (Chrono Boost)  
  117  12:24  Warp Prism  
  117  12:26  Pylon  
  119  12:45  Disruptor  
  122  12:53  Nexus, Unknown  
  122  12:55  Pylon  
  122  13:05  Disruptor  
  119  13:15  Stalker x5  
Tags
 
Add a new tag
Caveats
  • Supply blocks, unpowered buildings, or Contaminate may cause inaccurate times.
  • Supply counts are checked every 10 seconds.